 Dungeon Crawl Stone Soup version 0.29-a0-72-g1732ff48e7 (webtiles) character file.

Game seed: 12759807225824122563

2 Hubjo the Sneak (level 1, -2/10 HPs)
             Began as a Vampire Enchanter on Feb 3, 2022.
             Slain by Jessica (4 damage)
             ... on level 2 of the Dungeon.
             The game lasted 00:01:17 (234 turns).

Hubjo the Sneak (Vampire Enchanter)                  Turns: 234, Time: 00:01:17

Health: -2/10      AC:  2    Str:  7    XL:     1   Next: 33%
Magic:  3/3        EV: 16    Int: 17    God:
Gold:   8          SH:  0    Dex: 14    Spells: 4/4 levels left

rFire   . . .      SeeInvis +   a - +1 dagger
rCold   + + .      Faith    .   (no shield)
rNeg    + + +      Spirit   .   b - +0 robe
rPois   ∞          Reflect  .   (no helmet)
rElec   .          Harm     .   (no cloak)
rCorr   .          Rampage  .   (no gloves)
Will    .....                   (no boots)
Stlth   +++++.....              (no amulet)
HPRegen 0.00/turn               f - +4 ring of evasion
MPRegen 0.08/turn               (no ring)

@: bloodless, inhibited regen, invisible
A: bloodless, fangs 3, see invisible, vampiric 1
a: Revivify


You were on level 2 of the Dungeon.
You visited 1 branch of the dungeon, and saw 2 of its levels.

You collected 8 gold pieces.

Inventory:

Hand Weapons
 a - a +1 dagger (weapon)
Armour
 b - a +0 robe (worn)
Jewellery
 f - a +4 ring of evasion (left hand)
Scrolls
 e - a scroll of summoning {unknown}
Potions
 g - a potion of flight {unknown}
 h - a potion of lignification {unknown}


   Skills:
 * Level 0.1 Fighting
 + Level 1.2 Short Blades
 + Level 2.2 Dodging
 * Level 4.5 Stealth
 - Level 2.0 Spellcasting
 + Level 4.4 Hexes


You had 4 spell levels left.
You didn't know any spells.
Your spell library contained the following spells:

 Spells                   Type           Power      Damage    Failure   Level
 Confusing Touch          Hex            16%        N/A       10%         3
 Tukima's Dance           Hex            16%        N/A       10%         3
 Ensorcelled Hibernation  Hex/Ice        18%        N/A       12%         2
 Dazzling Flash           Conj/Hex       18%        N/A       24%         3


Dungeon Overview and Level Annotations

Branches:
Dungeon (2/15)

Altars:

Annotations:
D:2 Jessica


Innate Abilities, Weirdness & Mutations

You do not regenerate when monsters are visible.
You are frail without blood (-20% HP).
You can heal yourself when you bite living creatures.
You are immune to poison.
You have razor-sharp teeth.
You have supernaturally acute eyesight. (SInv)
You are afflicted with vampirism.


Message History

You barely miss the rat. You bite the rat.
You kill the rat!
You open the door.
There is an open door here.
A frilled lizard comes into view.
Found a fizzy clear potion.
The frilled lizard hisses angrily.
The frilled lizard barely misses you. The frilled lizard bites you.
You barely miss the frilled lizard. You hit the frilled lizard.
You kill the frilled lizard!
You see here a frilled lizard corpse.
Found a stone staircase leading down.
Found 8 gold pieces.
g - a fizzy clear potion
There is a stone staircase leading down here.
You now have 8 gold pieces.
There is a stone staircase leading down here.
You climb downwards.
Found a fizzy yellow potion and a scale mail.
There is a stone staircase leading up here.
You see here a fizzy yellow potion.
h - a fizzy yellow potion Jessica shouts, "Stop bothering me, or I'll kill you!"
You hit Jessica but do no damage. You bite Jessica.
You draw Jessica's blood!
You feel better.
Jessica is moderately wounded.
Jessica hits you with a +0 dagger.
Ouch! That really hurt!
You hit Jessica but do no damage. Your punch misses Jessica.
Jessica is moderately wounded.
Jessica hits you with a +0 dagger.
* * * LOW HITPOINT WARNING * * *
As you read the scroll labelled QAOLOHA AQUKH, it crumbles to dust.
You feel aware of your surroundings.
You sensed 1 altar.
It was a scroll of magic mapping.
Jessica completely misses you.
You fade into invisibility!
Jessica hits you with a +0 dagger.
You die...

***,,,,,....###.#####
****,,............#
*,,............#
*,,.......<....#
*,,............#
***####........# *
#.[......# *
#........# *
#..@.....# *
#...@....# #........#
##########


You could see Jessica.

Vanquished Creatures
  A ball python (D:1)
  A bat (D:1)
  A frilled lizard (D:1)
  A rat (D:1)
4 creatures vanquished.

Notes
Turn   | Place    | Note
-------+----------+-------------------------------------------
     0 | D:1      | Hubjo the Vampire Enchanter began the quest for the Orb.
     0 | D:1      | Reached XP level 1. HP: 13/13 MP: 3/3
   222 | D:2      | Noticed Jessica
   234 | D:2      | Slain by Jessica

Illustrated notes

Levels and vault maps discovered:
D:1:      dpeg_arrival_circle_labyrinth_c, layout_basic,
          shapermc_ecumenical_altar_notcrosses, minmay_3d_cube
D:2:      kennysheep_big_flooded_room, layout_rooms, basic_altar, uniq_robin,
          uniq_jessica

Action                   || total
-------------------------++-------
Melee: Dagger            ||    12
       Bite              ||     2
 Abil: Exsanguinate      ||     1
  Use: Scroll            ||     1
       Potion            ||     1
 Stab: Sleeping          ||     1
Armor: Robe              ||     1
Dodge: Dodged            ||    13

Table legend: (Time is in decaauts)
 A = Elapsed time spent in this place.
 B = Non-inter-level travel time spent in this place.
 C = Inter-level travel time spent in this place.
 D = Time resting spent in this place.
 E = Time spent auto-exploring this place.
 F = Levels seen in this place.
 G = Mean time per level.
                   A        B        C        D        E       F      G
               +--------+--------+--------+--------+--------+-----+--------+
         Total |    232 |    200 |     32 |      0 |    141 |   2 |  116.0 |
       Dungeon |    232 |    200 |     32 |      0 |    141 |   2 |  116.0 |
               +--------+--------+--------+--------+--------+-----+--------+

Top non-repeatable levels by time:
     D:1: 220 daAuts
     D:2: 11 daAuts
